 Dungeon Crawl Stone Soup version 0.25-a0-167-g836c352ace (webtiles) character file.

Game seed: 5924156411585158040, levelgen mode: deterministic

42 Leeroy the Conjurer (level 3, 0/26 HPs)
             Began as a Draconian Conjurer on Nov 25, 2019.
             Slain by a jackal (1 damage)
             ... on level 1 of the Dungeon.
             The game lasted 00:01:57 (1467 turns).

Leeroy the Conjurer (Draconian Conjurer)            Turns: 1467, Time: 00:01:57

Health: 0/26       AC:  5    Str: 11    XL:     3   Next: 33%
Magic:  4/6        EV: 12    Int: 15    God:
Gold:   67         SH:  0    Dex: 11    Spells: 3/6 levels left

rFire    . . .     SeeInvis .   g - +0 spear
rCold    . . .     Gourm    .   (no shield)
rNeg     . . .     Faith    .   (armour unavailable)
rPois    .         Spirit   .   (helmet restricted)
rElec    .         Reflect  .   (no cloak)
rCorr    .         Harm     .   (no gloves)
MR       .....                  (no boots)
Stlth    ++........             (no amulet)
HPRegen  0.08/turn              (no ring)
MPRegen  0.10/turn              (no ring)

@: no status effects
A: unfitting armour, cold-blooded, AC +5
a: no special abilities


You were on level 1 of the Dungeon.
You were not hungry.

You visited 1 branch of the dungeon, and saw 2 of its levels.

You collected 67 gold pieces.

Inventory:

Hand Weapons
 g - a +0 spear (weapon)
 h - a +0 short sword
Scrolls
 c - 4 scrolls of enchant armour {unknown}
 d - a scroll of amnesia {unknown}
 i - a scroll of remove curse {unknown}
 j - a scroll of identify {unknown}
 l - a scroll of random uselessness {unknown}
Potions
 a - a potion of heal wounds {unknown}
 e - a potion of might {unknown}
 f - a potion of resistance {unknown}
Comestibles
 b - 2 rations
 k - 2 chunks of flesh


   Skills:
 - Level 1.7 Dodging
 - Level 1.7 Stealth
 - Level 2.0 Spellcasting
 + Level 5.2 Conjurations


You had 3 spell levels left.
You knew the following spells:

 Your Spells              Type           Power        Failure   Level  Hunger
a - Magic Dart            Conj           ###.         2%          1    #......
b - Searing Ray           Conj           ###...       4%          2    ###....

Your spell library contained the following spells:

 Spells                   Type           Power        Failure   Level  Hunger
 Dazzling Spray           Conj/Hex       #.....       22%         3    ###....
 Iskenderun's Mystic Bla  Conj           ###.....     26%         4    #####..
 Force Lance              Conj/Tloc      #.......     58%         4    #####..
 Fulminant Prism          Conj/Hex       #.........   58%         4    #####..


Dungeon Overview and Level Annotations

Branches:
Dungeon (2/15)

Altars:


Innate Abilities, Weirdness & Mutations

Your plain brown scales are hard. (AC +5)
You cannot fit into any form of body armour.
You are cold-blooded and may be slowed by cold attacks.


Message History

The jackal barely misses you.
You barely miss the jackal. The jackal barely misses you.
You hit the jackal. You tail-slap the jackal.
The jackal is almost dead.
The jackal bites you.
* * * LOW HITPOINT WARNING * * *
The jackal bites you but does no damage.
You closely miss the jackal.
The jackal is almost dead.
The jackal bites you but does no damage.
Casting: Searing Ray (safe; 4% risk of failure)
Confirm with . or Enter, or press ? or * to list all spells.
Aiming: Searing Ray (safe; 4% risk of failure)
Press: ? - help, Shift-Dir - straight line, f - dart slug
Aim: a dart slug The searing ray misses the jackal.
The searing ray hits the dart slug!
The dart slug is severely wounded. (Press . to maintain the ray.)
The jackal closely misses you. The jackal bites you.
You die...

########## #........#
#@######.# ##h## #.# #.w.#
#.# ############...#####.#
#.....#...........##.#
####.....#...........##.#####
.....................+......#
.................[...######.#
####.....#...........#
##'#####


You could see a dart slug and a jackal.

Vanquished Creatures
  A gnoll (D:1)
  3 dart slugs (D:1)
  2 ball pythons (D:1)
  4 bats (D:1)
  2 giant cockroaches
  A goblin (D:1)
  4 hobgoblins (D:1)
  3 jackals
  4 rats (D:1)
24 creatures vanquished.

Notes
Turn   | Place    | Note
-------+----------+-------------------------------------------
     0 | D:1      | Leeroy the Draconian Conjurer began the quest for the Orb.
     0 | D:1      | Reached XP level 1. HP: 14/14 MP: 3/3
   602 | D:1      | Reached XP level 2. HP: 20/20 MP: 1/5
   606 | D:1      | Learned a level 2 spell: Searing Ray
   872 | D:1      | Reached skill level 5 in Conjurations
   872 | D:1      | Reached XP level 3. HP: 9/26 MP: 2/6
  1465 | D:1      | HP: 1/26 [jackal (2)]
  1467 | D:1      | Slain by a jackal

Levels and vault maps discovered:
D:1:      minmay_arrival_up_and_down, layout_basic, minmay_ruptured
D:2:      minmay_chambers_of_twos, layout_rooms, old_standard_altar

Skill      XL: |  1  2 |
---------------+-------+-----
Conjurations   | 5 |  5.2
Dodging        | |  1.7
Stealth        | |  1.7
Spellcasting   | |  2.0

Action                   || total
-------------------------++-------
Melee: Unarmed           ||    42
       Tailslap          ||     6
       Spear             ||    56
 Cast: Magic Dart        ||     6
       Searing Ray       ||     2
 Stab: Sleeping          ||     6
  Eat: Chunk             ||     2
Armor: Skin              ||    43
Dodge: Dodged            ||    79

Table legend:
 A = Non-vault XP
 B = Vault XP
 C = Vault XP percentage of total XP
 D = Non-vault monster count
 E = Vault monster count
 F = Vault count percentage of total count
                 A         B        C        D         E       F
            +---------+---------+-------+---------+---------+-------
      Total |      55 |       5 |   8.3 |      21 |       3 |  12.5
            +---------+---------+-------+---------+---------+-------
        D:1 |      49 |       5 |   9.3 |      18 |       3 |  14.3
        D:2 |       6 |       0 |   0.0 |       3 |       0 |   0.0
            +---------+---------+-------+---------+---------+-------
